 Dungeon Crawl Stone Soup version 0.27-a0-1245-g940ed4fa31 (webtiles) character file.

Game seed: 2187357603536785416

44 demibob the Slasher (level 3, -2/43 HPs)
             Began as a Demonspawn Berserker on June 9, 2021.
             Was a Believer of Trog.
             Slain by Robin
             ... wielding a +0 club
              (6 damage)
             ... on level 2 of the Dungeon.
             The game lasted 00:02:51 (1495 turns).

demibob the Slasher (Demonspawn Berserker)          Turns: 1495, Time: 00:02:51

Health: -2/43      AC: 21    Str: 18    XL:     3   Next: 41%
Magic:  3/3        EV:  2    Int:  8    God:    Trog [**....]
Gold:   46         SH:  0    Dex: 12    Spells: 2/2 levels left

rFire    . . .     SeeInvis .   a - +0 falchion
rCold    . . .     Faith    .   (no shield)
rNeg     + + +     Spirit   .   (armour currently unavailable)
rPois    +         Reflect  .   (helmet currently unavailable)
rElec    .         Harm     .   (cloak currently unavailable)
rCorr    .         Rampage  .   (gloves currently unavailable)
Will     .....     NoTele   +   (boots currently unavailable)
Stlth    +.........             (no amulet)
HPRegen  0.14/turn              (no ring)
MPRegen  0.08/turn              (no ring)

@: lethally poisoned (-2 -> -4), tree-form, on berserk cooldown, slowed, very
slow
A: stationary, stasis, torment immunity, boosted hp, (sanguine armour 1)
a: Renounce Religion, Berserk, Trog's Hand


You were on level 2 of the Dungeon.
You worshipped Trog.
Trog was pleased with you.
You were a tree.
You visited 1 branch of the dungeon, and saw 2 of its levels.

You collected 46 gold pieces.


Innate Abilities, Weirdness & Mutations

You are a tree.
Your roots penetrate the ground, keeping you stationary.
You cannot be teleported.
You are immune to unholy pain and torment.
Your maximum health is greatly increased.
Your equipment is partially melded.
((When seriously injured, your bleeding wounds create armour. (AC +0)))


   Skills:
 - Level 3.0 Fighting
 + Level 3.8 Long Blades
 - Level 1.7 Armour
 - Level 2.2 Dodging


You had 2 spell levels left.
You didn't know any spells.
Your spell library was empty.

Inventory:

Hand Weapons
 a - a +0 falchion (weapon)
Armour
 b - a +0 animal skin (melded)
Scrolls
 d - a scroll of fog {unknown}
Potions
 c - a potion of haste {unknown}
 e - a potion of attraction {unknown}

Dungeon Overview and Level Annotations

Branches:
Dungeon (2/15)

Altars:

Annotations:
D:2 Robin

...#..............
#...........<## ..
#........)....#...
#####.............#...
......................
##................####
..................#
#.>..S†g.........#
#....♣)........##
##..g).##.....##
##############


You could see an adder, a hobgoblin (strong) and a goblin (strong).


Message History

Your blood armour dries and flakes away.
The adder bites you but does no damage. The hobgoblin hits you.
* * * LOW HITPOINT WARNING * * *
The hobgoblin hits you.
* * * LOW HITPOINT WARNING * * *
The adder bites you but does no damage.
The hobgoblin hits you but does no damage.
You closely miss the hobgoblin.
The hobgoblin is heavily wounded.
The adder bites you but does no damage.
The hobgoblin hits you but does no damage.
Something hits you but does no damage. The adder bites you.
* * * LOW HITPOINT WARNING * * *
You are poisoned.
The adder poisons you!
The hobgoblin hits you but does no damage.
Something throws the goblin at you!
The hobgoblin hits you but does no damage.
The goblin hits you but does no damage.
You hit the hobgoblin.
You kill the hobgoblin!
Trog accepts your kill.
You feel sick. The adder bites you.
* * * LOW HITPOINT WARNING * * *
The hobgoblin hits you but does no damage.
The goblin hits you with a +0 club.
* * * LOW HITPOINT WARNING * * *
Something hits you but does no damage. The adder bites you but does no damage.
Something hits you.
You die...

Skill      XL: |  1 |
---------------+----+-----
Dodging        | 2 |  2.2
Long Blades    | 3 |  3.8
Fighting       | |  3.0
Armour         | |  1.7

Action                   || total
-------------------------++-------
Melee: Falchion          ||    86
Invok: Berserk           ||     3
  Use: Scroll            ||     1
       Potion            ||     1
Armor: Animal skin       ||    12
       Skin              ||    13
Dodge: Dodged            ||    43
       Rpst.: Falchion   ||    16

Levels and vault maps discovered:
D:1:      wander_arrival_desolate, layout_loops_ring,
          shapermc_ecumenical_altar_venn
D:2:      layout_rooms, guppyfry_early_orc_mine, uniq_sigmund, uniq_robin

Notes
Turn   | Place    | Note
-------+----------+-------------------------------------------
     0 | D:1      | demibob the Demonspawn Berserker began the quest for the
                  | Orb.
     0 | D:1      | Reached XP level 1. HP: 18/18 MP: 1/1
   223 | D:1      | Reached skill level 2 in Dodging
   232 | D:1      | Reached skill level 3 in Long Blades
   497 | D:1      | Gained mutation: When seriously injured, your bleeding
                  | wounds create armour. (AC +0) [demonic ancestry]
   497 | D:1      | Reached XP level 2. HP: 18/24 MP: 2/2
  1084 | D:1      | Reached XP level 3. HP: 29/29 MP: 3/3
  1315 | D:1      | Found a faded altar of an unknown god.
  1397 | D:1      | Reached ** piety under Trog
  1477 | D:2      | Noticed Robin
  1495 | D:2      | HP: 4/43 [goblin/+0 club[Robin] (4)]
  1495 | D:2      | Slain by Robin

Vanquished Creatures
  2 dart slugs (D:1)
  A bat (D:1)
  4 endoplasms (D:1)
  3 giant cockroaches (D:1)
  7 goblins
  7 hobgoblins
  2 quokkas (D:1)
  2 frilled lizards (D:1)
  5 kobolds
  3 rats (D:1)
36 creatures vanquished.

Table legend: (Time is in decaauts)
 A = Elapsed time spent in this place.
 B = Non-inter-level travel time spent in this place.
 C = Inter-level travel time spent in this place.
 D = Time resting spent in this place.
 E = Time spent auto-exploring this place.
 F = Levels seen in this place.
 G = Mean time per level.
                   A        B        C        D        E       F      G
               +--------+--------+--------+--------+--------+-----+--------+
         Total |   1520 |   1462 |     58 |    456 |    833 |   2 |  760.0 |
       Dungeon |   1520 |   1462 |     58 |    456 |    833 |   2 |  760.0 |
               +--------+--------+--------+--------+--------+-----+--------+

Top non-repeatable levels by time:
     D:1: 1486 daAuts
     D:2: 33 daAuts

Table legend:
 A = Non-vault XP
 B = Vault XP
 C = Vault XP percentage of total XP
 D = Non-vault monster count
 E = Vault monster count
 F = Vault count percentage of total count
                 A         B        C        D         E       F
            +---------+---------+-------+---------+---------+-------
      Total |      50 |      16 |  24.2 |      27 |       9 |  25.0
            +---------+---------+-------+---------+---------+-------
        D:1 |      48 |       0 |   0.0 |      26 |       0 |   0.0
        D:2 |       2 |      16 |  88.9 |       1 |       9 |  90.0
            +---------+---------+-------+---------+---------+-------
